 Dungeon Crawl Stone Soup version 0.30-a0-989-g0d87f670db (webtiles) character file.

Game seed: 3154230076221160819

67 avis the Insei (level 3, -4/27 (29) HPs)
             Began as a Demigod Transmuter on Apr 2, 2023.
             Killed from afar by Ijyb (12 damage)
             ... with an iceblast
             ... on level 3 of the Dungeon.
             The game lasted 00:12:16 (1757 turns).

avis the Insei (Demigod Transmuter)                 Turns: 1757, Time: 00:12:17

HP:   -4/27 (29)    AC:  2    Str: 11    XL:     3   Next: 70%
MP:   1/8           EV: 20    Int: 15    God:
Gold: 97            SH:  0    Dex: 23    Spells: 0/6 levels left

rFire   . . .      SeeInvis .    a - melded +0 spear of Chance {elec, Fragile rF++ MP+9}
rCold   . . .      Faith    .    (shield currently unavailable)
rNeg    . . .      Spirit   .    q - melded +0 robe
rPois   x          Reflect  .    (helmet currently unavailable)
rElec   .          Rampage  .    (cloak currently unavailable)
rCorr   .                        (gloves currently unavailable)
Will    .....                    (boots currently unavailable)
Stlth   ++                       (no amulet)
HPRegen 0.24/turn                (no ring)
MPRegen 0.11/turn                (no ring)

@: spider-form (expiring), very slightly contaminated, drained
A: venomous fangs, tiny, high MP 1, forlorn, divine attributes
a: End Transformation


You were on level 3 of the Dungeon.
You were a venomous arachnid creature.
You visited 1 branch of the dungeon, and saw 3 of its levels.

You collected 97 gold pieces.

Inventory:

Hand Weapons
 a - the +0 spear of Chance (melded) {elec, Fragile rF++ MP+9}
   (You found it on level 2 of the Dungeon)

   rF:        It greatly protects you from fire.
   MP:        It affects your magic capacity (+9).
   Fragile:   It will be destroyed if unequipped.
 b - a +0 sling
Missiles
 g - 2 poisoned darts
 m - 6 atropa-tipped darts
Armour
 q - a +0 robe (melded)
Jewellery
 e - a ring of see invisible
Scrolls
 d - a scroll of magic mapping {unknown}
 f - a scroll of vulnerability {unknown}
 i - a scroll of identify {unknown}
 k - 2 scrolls of noise {unknown}
 l - 2 scrolls of fog {unknown}
Potions
 c - a potion of degeneration {unknown}
 h - a potion of curing {unknown}
 j - a potion of brilliance {unknown}
 n - a potion of lignification
 o - a potion of attraction {unknown}
 p - a potion of cancellation {unknown}


   Skills:
 * Level 2.3 Fighting
 * Level 2.2 Dodging
 - Level 3.0 Unarmed Combat
 - Level 2.0 Spellcasting
 - Level 2.0 Transmutations
 - Level 1.0 Poison Magic


You couldn't memorise any spells.
You knew the following spells:

 Your Spells              Type           Power      Damage    Failure   Level
a - Beastly Appendage     Tmut           14%        N/A       24%         1
e - Wereblood             Tmut           7%         N/A       32%         2
p - Spider Form           Tmut/Pois      6%         N/A       56%         3

Your spell library contained the following spells:

 Spells                   Type           Power      Damage    Failure   Level
 Call Canine Familiar     Summ           1%         N/A       75%         3
 Dazzling Flash           Conj/Hex       2%         N/A       75%         3
 Portal Projectile        Hex/Tloc       2%         N/A       75%         3
 Ice Form                 Ice/Tmut       4%         N/A       93%         4
 Leda's Liquefaction      Hex/Erth       0%         N/A       98%         4
 Agony                    Necr           1%         N/A       100%        5
 Silence                  Hex/Air        0%         N/A       100%        5


Dungeon Overview and Level Annotations

Branches:
Dungeon (3/15)

Annotations:
D:1 One location not visible
D:3 Ijyb


Innate Abilities, Weirdness & Mutations

You are a venomous arachnid creature.
You have venomous fangs.
You are tiny and dextrous.
Your spellcasting is less reliable in this form.
Your armour is entirely melded.
You are incapable of wielding weapons or throwing items.
You have an increased reservoir of magic. (+10% MP)
You shall have no god before yourself.
Your divine heritage dramatically boosts your attributes as you level up.


Message History

You miscast Spider Form.
You are very lightly contaminated with residual magic.
Nothing appears to happen.
Ijyb zaps a wand.
The mass of ice explodes!
The iceblast engulfs you.
Casting: Spider Form (extremely dangerous; 34% risk of failure)
Confirm with . or Enter, or press ? or * to list all spells.
The spell is extremely dangerous to miscast (34% risk of failure)!
Continue anyway?
You miscast Spider Form.
Nothing appears to happen.
Casting: Spider Form (extremely dangerous; 34% risk of failure)
Confirm with . or Enter, or press ? or * to list all spells.
You don't know that spell.
Casting: Spider Form (extremely dangerous; 34% risk of failure)
Confirm with . or Enter, or press ? or * to list all spells.
The spell is extremely dangerous to miscast (34% risk of failure)!
Continue anyway?
You miscast Spider Form.
Nothing appears to happen.
Casting: Spider Form (extremely dangerous; 34% risk of failure)
Confirm with . or Enter, or press ? or * to list all spells.
The spell is extremely dangerous to miscast (34% risk of failure)!
Continue anyway?
You turn into a venomous arachnid creature.
The +0 spear of Chance {elec, Fragile rF++ MP+9} melds into your body.
Your +0 robe melds into your body.
You feel your magic capacity decrease.
The +0 spear of Chance {elec, Fragile rF++ MP+9} stops crackling.
Ijyb misses you.
You hit Ijyb but do no damage.
Ijyb is poisoned.
An endoplasm comes into view.
Ijyb misses you.
You hit Ijyb.
Ijyb looks as sick as possible!
Ijyb is lightly wounded.
Ijyb hits you with a +3 dagger of draining!
You feel drained.
You barely miss Ijyb.
Ijyb is lightly wounded.
Your transformation is almost over.
Ijyb hits you with a +3 dagger of draining.
You feel drained.
* * * LOW HITPOINT WARNING * * *
Ijyb attacks as you move away! Ijyb completely misses you.
Ijyb attacks as you move away! Ijyb completely misses you.
Ijyb zaps a wand.
The mass of ice explodes!
The iceblast engulfs you!
You die...

#...........
#...........
#...........
#...........
#....J.#####
##......# #.g.....#
#.......# #s......#
##.......#
#........#
#.#......#
#.#......#
###.##########
#######.............
....................
######..##..........


You could see Ijyb (very poisoned) and an endoplasm.

Vanquished Creatures
  3 adders (D:2)
  2 worms (D:2)
  2 dart slugs
  2 ball pythons
  2 bats
  2 endoplasms (D:2)
  2 giant cockroaches
  2 hobgoblins
  8 kobolds
  3 quokkas
  A frilled lizard (D:2)
29 creatures vanquished.

Vanquished Creatures (others)
  4 toadstools (D:1)
4 creatures vanquished.

Grand Total: 33 creatures vanquished

Notes
Turn   | Place    | Note
-------+----------+-------------------------------------------
     0 | D:1      | avis the Demigod Transmuter began the quest for the Orb.
     0 | D:1      | Reached XP level 1. HP: 15/15 MP: 5/5
    23 | D:1      | Reached skill level 1 in Fighting
   654 | D:1      | Reached XP level 2. HP: 23/23 MP: 7/7
   791 | D:2      | Reached skill level 3 in Unarmed Combat
   967 | D:2      | Reached XP level 3. HP: 29/29 MP: 8/8
   998 | D:2      | Learned a level 2 spell: Wereblood
  1002 | D:2      | Learned a level 3 spell: Spider Form
  1110 | D:2      | Reached skill level 1 in Poison Magic
  1112 | D:2      | Identified the +0 spear of Chance {elec, Fragile rF++ MP+9}
  1743 | D:3      | Noticed Ijyb
  1757 | D:3      | Killed from afar by Ijyb

Illustrated notes

Levels and vault maps discovered:
D:1:      ldierk_walled_garden_2, layout_rooms
D:2:      layout_rooms
D:3:      layout_basic, xom_teletrap_fun, amcnicky_altar_gilded, minivault_25,
          hex_large, uniq_ijyb

Skill      XL: |  1  2  3 |
---------------+----------+-----
Fighting       | 1 2 |  2.3
Dodging        | 2 |  2.2
Transmutations | 2 |  2.0
Spellcasting   | 2 |  2.0
Unarmed Combat | 3 |  3.0
Poison Magic   | 1 |  1.0

Action                     || total
---------------------------++-------
  Melee: Unarmed           ||    58
         Kick              ||    12
         Headbutt          ||     8
         Spear             ||     9
   Fire: Sling             ||    16
   Cast: Beastly Appendage ||    21
         Spider Form       ||     5
   Stab: Sleeping          ||     1
 Armour: Robe              ||    10
  Dodge: Dodged            ||    46

Table legend: (Time is in decaauts)
 A = Elapsed time spent in this place.
 B = Non-inter-level travel time spent in this place.
 C = Inter-level travel time spent in this place.
 D = Time resting spent in this place.
 E = Time spent auto-exploring this place.
 F = Levels seen in this place.
 G = Mean time per level.
                   A        B        C        D        E       F      G
               +--------+--------+--------+--------+--------+-----+--------+
         Total |   1759 |   1614 |    145 |    146 |    970 |   3 |  586.3 |
       Dungeon |   1759 |   1614 |    145 |    146 |    970 |   3 |  586.3 |
               +--------+--------+--------+--------+--------+-----+--------+

Top non-repeatable levels by time:
     D:2: 858 daAuts
     D:1: 726 daAuts
     D:3: 174 daAuts
